 Dungeon Crawl Stone Soup version 0.28.0 (webtiles) character file.

Game seed: 10752491555954683021

102 Hasart the Insei (level 4, -1/29 HPs)
             Began as an Octopode Transmuter on Feb 19, 2022.
             Slain by a giant cockroach (2 damage)
             ... on level 4 of the Dungeon.
             The game lasted 00:06:28 (3198 turns).

Hasart the Insei (Octopode Transmuter)              Turns: 3198, Time: 00:06:28

Health: -1/29      AC:  2    Str:  9    XL:     4   Next: 77%
Magic:  1/8        EV: 19    Int: 17    God:
Gold:   78         SH:  0    Dex: 17    Spells: 2/8 levels left

rFire   . . .      SeeInvis .     - Unarmed
rCold   . . .      Faith    .   (shield currently unavailable)
rNeg    . . .      Spirit   .   (helmet currently unavailable)
rPois   x          Reflect  .   (no amulet)
rElec   .          Harm     .   (no ring)
rCorr   .          Rampage  .   (no ring)
Will    .....                   (no ring)
Stlth   ++........              (no ring)
HPRegen 0.09/turn               (no ring)
MPRegen 0.11/turn               (no ring)
                                (no ring)
                                (no ring)

@: spider-form, wereblooded, very slightly contaminated
A: venomous fangs, almost no armour, (amphibious), 8 rings, tiny, (camouflage
1), (gelatinous body 1), (nimble swimmer 1), (tentacles)
a: End Transformation


You were on level 4 of the Dungeon.
You were a venomous arachnid creature.
You visited 1 branch of the dungeon, and saw 4 of its levels.

You collected 78 gold pieces.

Inventory:

Jewellery
 a - a ring of protection from cold
Scrolls
 c - a scroll of noise {unknown}
 f - a scroll of enchant armour {unknown}
 h - a scroll of vulnerability {unknown}
 i - a scroll of identify {unknown}
Potions
 b - a potion of heal wounds {unknown}
 d - 2 potions of mutation {unknown}
 e - a potion of attraction {unknown}
 g - a potion of cancellation {unknown}


   Skills:
 + Level 1.7 Fighting
 + Level 2.4 Dodging
 * Level 3.7 Unarmed Combat
 + Level 2.7 Spellcasting
 + Level 2.4 Transmutations
 * Level 1.6 Poison Magic


You had 2 spell levels left.
You knew the following spells:

 Your Spells              Type           Power      Damage    Failure   Level
a - Beastly Appendage     Tmut           20%        N/A       19%         1
b - Wereblood             Tmut           10%        N/A       24%         2
c - Spider Form           Tmut/Pois      9%         N/A       45%         3

Your spell library contained the following spells:

 Spells                   Type           Power      Damage    Failure   Level
 Blink                    Tloc           4%         N/A       47%         2
 Lesser Beckoning         Tloc           2%         N/A       69%         3
 Ice Form                 Ice/Tmut       6%         N/A       88%         4
 Manifold Assault         Tloc           2%         N/A       100%        5


Dungeon Overview and Level Annotations

Branches:
Dungeon (4/15)
 Temple: D:4-7

Altars:

Shops:
D:1 =


Innate Abilities, Weirdness & Mutations

You are a venomous arachnid creature.
You have poisonous fangs.
You are tiny and dextrous.
Your spellcasting is less reliable in this form.
Your armour is entirely melded.
You are incapable of wielding weapons or throwing items.
You cannot wear most types of armour.
((You are amphibious.))
You can wear up to eight rings at the same time.
((Your skin changes colour to match your surroundings (Stealth+).))
((Your rubbery body absorbs attacks. (AC +1, EV +1)))
((You are camouflaged when in or above water. (Stealth+)))
((You have tentacles for arms and can constrict up to eight enemies at once.))


Message History

Nothing appears to happen.
You constrict the orc.
You feel a bit better.
You kill the orc!
Casting: Spider Form (quite dangerous; 24% risk of failure)
Confirm with . or Enter, or press ? or * to list all spells.
The spell is quite dangerous to miscast (24% risk of failure)!
Continue anyway?
You turn into a venomous arachnid creature.
You hiss as the wereblood boils in your veins!
You hear a shout!
The orc hits you with a +0 club.
The orc priest invokes the aid of Beogh against you.
Beogh smites you!
* * * LOW HITPOINT WARNING * * *
You barely miss the orc. The orc hits you with a +0 club.
* * * LOW HITPOINT WARNING * * *
The giant cockroach closely misses you.
Unknown command.
You hit the orc.
The orc is poisoned.
The orc is heavily wounded.
You hiss as the wereblood boils in your veins!
The giant cockroach completely misses you.
The orc closely misses you.
Unknown command.
You hit the orc.
The orc is severely wounded.
The giant cockroach bites you.
* * * LOW HITPOINT WARNING * * *
The orc barely misses you.
Unknown command.
You barely miss the orc.
The orc is severely wounded.
You feel a bit better.
You kill the orc!
The giant cockroach bites you but does no damage.
Unknown command.
You hit the orc but do no damage.
The orc is poisoned.
You hiss as the wereblood boils in your veins!
The giant cockroach bites you.
* * * LOW HITPOINT WARNING * * *
The giant cockroach bites you.
You die...

...............
...............
............o..
........<....
............
##........o.
###.........o.
#....oB###
##....os.#
###........#
..........[#
.....?.<.###
#.#...#### #...
##.# #


You could see an orc priest, an orc (very poisoned) and a giant cockroach.

Vanquished Creatures
  An orc wizard (D:3)
  A gnoll (D:3)
  3 worms (D:2)
  2 dart slugs (D:2)
  5 orcs
  5 endoplasms
  2 giant cockroaches
  6 goblins
  A hobgoblin (D:1)
  6 quokkas
  2 ball pythons
  4 bats
  3 frilled lizards
  6 kobolds
  5 rats
52 creatures vanquished.

Notes
Turn   | Place    | Note
-------+----------+-------------------------------------------
     0 | D:1      | Hasart the Octopode Transmuter began the quest for the Orb.
     0 | D:1      | Reached XP level 1. HP: 13/13 MP: 3/3
    90 | D:1      | Found Heish's Jewellery Emporium.
   359 | D:1      | Reached XP level 2. HP: 14/18 MP: 5/5
   842 | D:1      | Found a faded altar of an unknown god.
  1302 | D:2      | Reached XP level 3. HP: 21/23 MP: 6/6
  1305 | D:2      | Learned a level 2 spell: Wereblood
  1309 | D:2      | Learned a level 3 spell: Spider Form
  2775 | D:3      | Reached XP level 4. HP: 27/28 MP: 2/7
  2780 | D:3      | Reached skill level 1 in Poison Magic
  3196 | D:4      | HP: 1/29 [giant cockroach (1)]
  3198 | D:4      | Slain by a giant cockroach

Illustrated notes

Levels and vault maps discovered:
D:1:      roderic_crossed_star, layout_rooms, dreamdust_ecumenical_altar_grove,
          serial_shops, shop
D:2:      layout_loops_ring, minmay_diced_spiral
D:3:      layout_loops_ring
D:4:      layout_cave_pools

Skill      XL: |  1  2  3  4 |
---------------+-------------+-----
Poison Magic   | 1 |  1.6
Fighting       | |  1.7
Dodging        | |  2.4
Unarmed Combat | |  3.7
Spellcasting   | |  2.7
Transmutations | |  2.4

Action                   |  1- 3 |  4- 6 || total
-------------------------+-------+-------++-------
Melee: Unarmed           |   107 |    27 ||   134
       Constrict         |    22 |     6 ||    28
       Tentacles         |    16 |     2 ||    18
       Punch             |     3 |     1 ||     4
       Kick              |     4 |       ||     4
 Cast: Beastly Appendage |     5 |       ||     5
       Spider Form       |     1 |     2 ||     3
       Wereblood         |       |     2 ||     2
 Stab: Sleeping          |    11 |     1 ||    12
       Distracted        |     1 |       ||     1
Armor: Skin              |     4 |     3 ||     7
Dodge: Dodged            |    41 |    24 ||    65
